 Dungeon Crawl Stone Soup version 0.31-a0-239-g0a1456f148 (webtiles) character file.

Game seed: 14410907446658410425

21 qw the Shooter (level 2, -5/17 HPs)
             Began as a Gargoyle Hexslinger on July 11, 2023.
             Slain by Terence
             ... wielding a +7 falchion of protection
              (8 damage)
             ... on level 2 of the Dungeon.
             The game lasted 00:00:17 (704 turns).

qw the Shooter (Gargoyle Hexslinger)                 Turns: 704, Time: 00:00:17

Health: -5/17      AC:  5    Str: 11    XL:     2   Next: 87%
Magic:  3/3        EV: 11    Int: 13    God:
Gold:   53         SH:  5    Dex: 12    Spells: 2/3 levels left

rFire   . . .        Y - +1 sling
rCold   . . .        (no shield)
rNeg    + . .        d - +0 leather armour
rPois   inf          (no helmet)
rElec   +            (no cloak)
rCorr   .            (no gloves)
SInv    .            (no boots)
Will    .....        g - amulet of reflection
Stlth   +            (no ring)
HPRegen 0.22/turn    (no ring)
MPRegen 0.08/turn

%: reflection
@: no status effects
A: sickness immunity, AC +2, negative energy resistance 1, electricity
resistance, torment resistance 1, petrification resistance
a: no special abilities


You were on level 2 of the Dungeon.
You visited 1 branch of the dungeon, and saw 2 of its levels.

You collected 53 gold pieces.


Innate Abilities, Weirdness & Mutations

You are immune to sickness and miasma.
Your stone body is resilient. (AC +2)
You are immune to poison.
You resist negative energy. (rN+)
You are resistant to electric shocks. (rElec)
You are resistant to unholy torment.
You are immune to petrification.


   Skills:
 + Level 1.8 Fighting
 - Level 3.0 Ranged Weapons
 - Level 1.5 Dodging
 - Level 1.0 Spellcasting
 - Level 2.6 Hexes


You had 2 spell levels left.
You knew the following spells:

 Your Spells              Type           Power      Damage    Failure   Level
a - Slow                  Hex            28%        N/A       12%         1

Your spell library contained the following spells:

 Spells                   Type           Power      Damage    Failure   Level
 Inner Flame              Hex/Fire       4%         N/A       54%         3
 Portal Projectile        Hex/Tloc       8%         N/A       54%         3
 Cause Fear               Hex            3%         N/A       77%         4

Inventory:

Hand Weapons
 Y - a +1 sling (weapon)
Armour
 d - a +0 leather armour (worn)
Jewellery
 g - an amulet of reflection (around neck)
Potions
 f - a potion of enlightenment

Dungeon Overview and Level Annotations

Branches:
Dungeon (2/15)

Altars:

Annotations:
D:2 Terence


Message History

You see here a bat corpse.
You float gracefully downwards.
You now have 41 gold pieces (gained 10).
Your enlightenment fades.
A ball python comes into view.
You shoot a sling bullet. The sling bullet hits the ball python!
You kill the ball python!
You now have 53 gold pieces (gained 12).
Terence the Incautious comes into view.
He is wielding a +7 falchion of protection.
You shoot a sling bullet. The sling bullet hits Terence.
Terence is lightly wounded.
You shoot a sling bullet.
The sling bullet hits Terence but does no damage.
Terence is lightly wounded.
You shoot a sling bullet. The sling bullet barely misses Terence.
You shoot a sling bullet.
The sling bullet closely misses Terence.
You shoot a sling bullet.
The sling bullet hits Terence but does no damage.
Terence is lightly wounded.
Terence hits you with a +7 falchion of protection.
You shoot a sling bullet. The sling bullet barely misses Terence.
Terence barely misses you.
You shoot a sling bullet.
The sling bullet hits Terence but does no damage.
Terence is lightly wounded.
Terence hits you with a +7 falchion of protection.
You shoot a sling bullet.
The sling bullet hits Terence but does no damage.
Terence is lightly wounded.
Terence hits you with a +7 falchion of protection.
You shoot a sling bullet.
The sling bullet hits Terence but does no damage.
Terence is lightly wounded.
Terence barely misses you.
Terence hits you with a +7 falchion of protection.
You shoot a sling bullet.
The sling bullet closely misses Terence.
Terence hits you with a +7 falchion of protection!
You die...

#<.%.....#
###......# ####
#....### ###..#
#.##..#####....#
#.###........###
..# ######...#
#### ##...##
###....#
#..@...#
#.@##.## #....
#.# #..## #.#
#.. #.# #.. #.#
#.. #.# ...


You could see Terence.

Vanquished Creatures
  A dart slug (D:1)
  2 endoplasms (D:1)
  2 goblins (D:1)
  2 hobgoblins
  A quokka (D:1)
  2 ball pythons
  3 bats
  2 frilled lizards
  A kobold (D:1)
  3 rats (D:1)
19 creatures vanquished.

Notes
Turn   | Place    | Note
-------+----------+-------------------------------------------
     0 | D:1      | qw the Gargoyle Hexslinger began the quest for the Orb.
     0 | D:1      | Reached XP level 1. HP: 12/12 MP: 2/2
     0 | D:1      | 0 ||| qw: Version: 0.3-a-52-g30416fa
     0 | D:1      | 0 ||| qw: Game counter: 5962
     0 | D:1      | 0 ||| qw: Melee chars always use a shield: true
     0 | D:1      | 0 ||| qw: God list: Okawaru
     0 | D:1      | 0 ||| qw: Allow faded altars: false
     0 | D:1      | 0 ||| qw: Do Orc after clearing Dungeon:15 true
     0 | D:1      | 0 ||| qw: Do second Lair branch before Depths: true
     0 | D:1      | 0 ||| qw: Lair rune preference: random
     0 | D:1      | 0 ||| qw: Goals: Normal
     0 | D:1      | 0 ||| PLANNING D:1-11
   259 | D:1      | Reached XP level 2. HP: 16/16 MP: 3/3
   444 | D:1      | Reached skill level 3 in Ranged Weapons
   485 | D:1      | Found a faded altar of an unknown god.
   601 | D:1      | 601 ||| UPGRADING to +0 leather armour.
   611 | D:1      | 611 ||| DROPPING +0 robe.
   612 | D:1      | 612 ||| UPGRADING to amulet of reflection.
   617 | D:1      | 617 ||| DROPPING ring of wizardry.
   618 | D:1      | 618 ||| READING scroll labelled TYM PUDENANLOC.
   619 | D:1      | 619 ||| DRINKING 2 fizzy cyan potions.
   620 | D:1      | 620 ||| DROPPING scroll of poison.
   694 | D:2      | Noticed Terence
   703 | D:2      | HP: 3/17 [Terence/+7 falchion of protection (3)]
   704 | D:2      | Slain by Terence

Levels and vault maps discovered:
D:1:      saegor_arrival_simple_e, layout_loops_ring,
          chequers_ecumenical_altar_island, grunt_decor_arrowhead
D:2:      layout_rooms, uniq_terence

Skill      XL: |  1  2 |
---------------+-------+-----
Ranged Weapons | 3 |  3.0
Fighting       | |  1.8
Dodging        | |  1.5
Spellcasting   | |  1.0
Hexes          | |  2.6

Action                     || total
---------------------------++-------
   Fire: Sling             ||    68
    Use: Scroll            ||     1
         Potion            ||     1
 Armour: Robe              ||     8
         Leather armour    ||     2
  Dodge: Dodged            ||    18

Table legend:
 A = Non-vault XP
 B = Vault XP
 C = Vault XP percentage of total XP
 D = Non-vault monster count
 E = Vault monster count
 F = Vault count percentage of total count
                 A         B        C        D         E       F
            +---------+---------+-------+---------+---------+-------
      Total |      31 |       0 |   0.0 |      19 |       0 |   0.0
            +---------+---------+-------+---------+---------+-------
        D:1 |      25 |       0 |   0.0 |      15 |       0 |   0.0
        D:2 |       6 |       0 |   0.0 |       4 |       0 |   0.0
            +---------+---------+-------+---------+---------+-------
